Unix xNetHack Version 7.1.0 - last build May 27 2022 02:01:18 (40ddc3af3caeb211f83a4e7a6471a44cedb5a298). Game began 2022-06-02 08:58:49, ended 2022-06-02 09:57:32. Concrete, lawful male dwarven Caveman --------- ----------- #........% |....+....| #|.{.....| #####-.........| ####|.......| ###------ [# ------.---- -------- ## # |.......-#####......### # |......-## #------ # |.......| |....| # |......| ######|.....## --------- |....| # |.......#######-)...| |....| # |......| |.....########## |>...| # |......| |....| ## .....| # -------- |...<| ------ # ------ ## # @ @ . !!! ----- Concrete the Aborigine St:18/05 Dx:12 Co:17 In:7 Wi:8 Ch:8 Lawful S:314 Dlvl:2 $:0 HP:0(36) Pw:7(7) AC:4 Xp:3/66 T:847 Latest messages: You see here a skull cap. k - a cyan potion {20}. You miss the sewer rat. The sewer rat bites! You miss the sewer rat. Your skull cap blocks the sewer rat's attack. You kill the sewer rat! Something is written here in the dust. You read: "Closed f?? ?n?en?c?y". This door is locked. In what direction? j You kick the door. The door crashes open! Krnov appears next to you! "How dare you break my door?" Krnov zaps a zinc wand! The wand misses you. Krnov zaps a zinc wand! The wand misses you. You bash Krnov! Krnov zaps a zinc wand! The wand misses you. Krnov zaps a zinc wand! The wand hits you! What do you want to read? [gi or ?*] Never mind. What do you want to read? [gi or ?*] i As you read the scroll, it disappears. Your hands begin to glow red. Call a scroll labeled EGULED EL IOM SERPA: Krnov zaps a zinc wand! The wand misses you. You miss Krnov. Krnov zaps a zinc wand! The wand misses you. You miss Krnov. Krnov zaps a zinc wand! The wand misses you. You miss Krnov. Krnov zaps a zinc wand! The wand hits you! Krnov zaps a zinc wand! The wand hits you! You die... Krnov takes all your possessions. Do you want to see what you had when you died? [ynq] (y) y Do you want to see your attributes? [ynq] (y) n Do you want an account of creatures vanquished? [ynaq] (y) n Do you want to see your conduct and achievements? [ynq] (y) n Do you want to see the dungeon overview? [ynq] (y) n Major events: Turn 1: Concrete the lawful dwarven Caveman entered the dungeon 743: attained the rank of Aborigine (level 3) 847: killed by a wand Inventory: Inventory: 297/950 weight (10/52 slots) Weapons b - a +2 sling (alternate weapon; not wielded) {3} a - a +1 club (weapon in hand) {30} Armor f - an uncursed +1 orcish helm (being worn) {23} j - an uncursed +0 pair of high boots (being worn) {15} d - an uncursed +0 leather light armor (being worn) {113} Scrolls g - an uncursed scroll of magic mapping {5} Potions e - an uncursed potion of fruit juice {20} k - an uncursed potion of gain ability {20} Tools h - an uncursed blindfold {2} Gems/Stones c - 33 uncursed flint stones (in quiver pouch) {66} Concrete the Caveman's attributes: Background: You were an Aborigine, a level 3 dwarven Caveman. You were lawful, on a mission for Anu who was opposed by Ishtar (neutral) and Anshar (chaotic). You were heterosexual. You were in the Dungeons of Doom, on level 2. You entered the dungeon 847 turns ago. You had 66 experience points, 14 more were needed to attain level 4. Your score was 314 before end-of-game adjustments. Basics: You had 0 out of 36 hit points. You had all 7 energy points (spell power). Your armor class was 4. Your wallet was empty. Autopickup was off. Final Characteristics: Your strength was 18/05 (limit:18/100). Your dexterity was 12 (limit:20). Your constitution was 17 (limit:20). Your intelligence was 7 (limit:16). Your wisdom was 8 (limit:16). Your charisma was 8 (limit:16). Final Status: You were not hungry. You were unencumbered. You were wielding a club. You had basic skill with club. Final Attributes: You were devoutly aligned. You had infravision. You would have confused monsters when hitting them. You were warded. You are dead. Miscellaneous: You never encountered a bones level. Total elapsed playing time was 19 minutes and 47 seconds. Vanquished creatures: a coyote a gas spore a large kobold a red mold 4 jackals a kobold 4 goblins a sewer rat a grid bug 2 lichens a kobold zombie 2 newts 20 creatures vanquished. No species were genocided or became extinct. Voluntary challenges: You were an atheist. You read items or engraved 1 time. You never genocided any monsters. You never polymorphed an object. You never changed form. You never touched an artifact. You used no wishes. You never owned a pet. You never scared an enemy with impunity. You were celibate. You never generated conflict. Achievement: You attained the rank of Aborigine. The Dungeons of Doom: levels 1 to 2 Level 1: A fountain. Level 2: <- You were here. A fountain. Final resting place for you, killed by a wand. Game over: __________ / \ / REST \ / IN \ / PEACE \ / \ | Concrete | | 0 Au | | killed by a wand | | | | | | | | 2022 | *| * * * | * _________)/\\_//(\/(/\)/\//\/|_)_______ Goodbye Concrete the Caveman... You died in The Dungeons of Doom on dungeon level 2 with 314 points, and 0 pieces of gold, after 847 moves. You were level 3 with a maximum of 36 hit points when you died.